 Dungeon Crawl Stone Soup version 0.27.1 (webtiles) character file.

Game seed: 14537157633624651043

305 Atelerd the Sneak (level 6, -1/36 HPs)
             Began as an Octopode Earth Elementalist on Sept 4, 2021.
             Slain by a gnoll (8 damage)
             ... on level 4 of the Dungeon.
             The game lasted 00:02:18 (3910 turns).

Atelerd the Sneak (Octopode Earth Elementalist)     Turns: 3910, Time: 00:02:19

Health: -1/36      AC:  1    Str:  7    XL:     6   Next: 39%
Magic:  11/11      EV: 13    Int: 20    God:
Gold:   172        SH:  0    Dex: 12    Spells: 10/11 levels left

rFire    . . .     SeeInvis .   d - +0 short sword
rCold    . . .     Faith    .   (no shield)
rNeg     . . .     Spirit   .   (helmet restricted)
rPois    .         Reflect  .   h - amulet of magic regeneration
rElec    .         Harm     .   (no ring)
rCorr    .         Rampage  .   (no ring)
Will     .....                  (no ring)
Stlth    ++++......             (no ring)
HPRegen  0.12/turn              (no ring)
MPRegen  0.37/turn              (no ring)
                                (no ring)
                                (no ring)

@: no status effects
A: almost no armour, amphibious, 8 rings, camouflage 1, gelatinous body 1,
(nimble swimmer 1), tentacles
a: no special abilities


You were on level 4 of the Dungeon.
You visited 1 branch of the dungeon, and saw 4 of its levels.

You collected 172 gold pieces.

Inventory:

Hand Weapons
 d - a +0 short sword (weapon)
Missiles
 b - 55 stones
Jewellery
 h - an amulet of magic regeneration (around mantle)
Scrolls
 a - 2 scrolls of identify {unknown}
 c - a scroll of immolation {unknown}
 e - 3 scrolls of blinking {unknown}
 i - a scroll of fog {unknown}
 k - a scroll of magic mapping {unknown}
Potions
 f - a potion of lignification {unknown}
 g - a potion of berserk rage {unknown}
 j - a potion of curing {unknown}


   Skills:
 - Level 2.0 Dodging
 + Level 5.2 Stealth
 + Level 3.4 Spellcasting
 + Level 3.1 Transmutations
 + Level 4.2 Earth Magic


You had 10 spell levels left.
You knew the following spells:

 Your Spells              Type           Power      Damage    Failure   Level
a - Sandblast             Erth           40%        2d10      2%          1

Your spell library contained the following spells:

 Spells                   Type           Power      Damage    Failure   Level
 Passwall                 Tmut/Erth      15%        N/A       4%          2
 Shock                    Conj/Air       12%        1d3       14%         1
 Stone Arrow              Conj/Erth      22%        3d8       17%         3
 Petrify                  Tmut/Erth      18%        N/A       30%         4
 Swiftness                Air            3%         N/A       38%         3
 Airstrike                Air            1%         N/A       80%         4


Dungeon Overview and Level Annotations

Branches:
Dungeon (4/15)
 Temple: D:4-7

Altars:

Shops:
D:1 [

Annotations:
D:2 1 runed translucent door, Crazy Yiuf


Innate Abilities, Weirdness & Mutations

You cannot wear most types of armour.
You are amphibious.
You can wear up to eight rings at the same time.
Your skin changes colour to match your surroundings (Stealth+).
Your rubbery body absorbs attacks. (AC +1, EV +1)
((You are camouflaged near water. (Stealth+)))
You have tentacles for arms and can constrict up to eight enemies at once.


Message History

Your magical contamination has completely faded away.
b - 55 stones (gained 5)
Things that are here:
a +0 whip; a kobold corpse No target in view!
Found 11 gold pieces.
No target in view!
No target in view!
You now have 161 gold pieces (gained 18).
You now have 172 gold pieces (gained 11).
Found 7 gold pieces.
No target in view! 3 gnolls come into view.
There are monsters nearby!
There are monsters nearby!
A gnoll shaman comes into view. It is wielding a +0 whip.
There are monsters nearby!
There are monsters nearby!
The gnoll barely misses you.
The gnoll shaman shouts!
The gnoll shouts! x2
The gnoll hits you with a +0 spear.
The gnoll shaman calls upon its god to speed up the gnoll.
The gnoll seems to speed up.
There are monsters nearby!
You hit the gnoll. You grab the gnoll.
The gnoll is lightly wounded.
You constrict the gnoll, but do no damage.
The gnoll hits you with a +0 whip! The gnoll hits you with a +0 spear.
The gnoll hits you with a +0 whip!
The gnoll shaman calls upon its god to heal the gnoll.
The gnoll's wounds heal themselves!
You are too injured to fight recklessly!
There are monsters nearby!
There are monsters nearby!
You release your grip on the gnoll.
The gnoll hits you with a +0 whip!
* * * LOW HITPOINT WARNING * * *
The gnoll barely misses you.
Unknown command.
The gnoll hits you with a +0 whip!
You die...

##### ....### ... ......##
... .......## #.#
........# #.# ........#
#######.# ........#
#.....#.#### ........#
#..$..g....### ........#
#....@gg.....# ........#
##.........g..# ........#
#.............#
........###..............#
..........................
..........................
.......###................
.......# ##...............
....... #...........


You could see a gnoll shaman and 3 gnolls.

Vanquished Creatures
  An ogre (D:3)
  A jelly (D:4)
  An orc wizard (D:3)
  3 gnolls (D:4)
  5 adders
  2 worms (D:2)
  2 dart slugs (D:3)
  2 orcs (D:3)
  5 endoplasms
  4 giant cockroaches
  12 goblins
  6 hobgoblins
  8 jackals
  6 kobolds
  3 quokkas
  5 ball pythons
  4 bats
  7 frilled lizards
  A rat (D:2)
78 creatures vanquished.

Notes
Turn   | Place    | Note
-------+----------+-------------------------------------------
     0 | D:1      | Atelerd the Octopode Earth Elementalist began the quest for
                  | the Orb.
     0 | D:1      | Reached XP level 1. HP: 11/11 MP: 3/3
   340 | D:1      | Reached skill level 3 in Stealth
   340 | D:1      | Reached XP level 2. HP: 17/17 MP: 3/5
   637 | D:1      | Found Tehiv's Armour Shoppe.
  1222 | D:2      | Reached XP level 3. HP: 21/21 MP: 6/6
  1730 | D:2      | Found a runed translucent door.
  1731 | D:2      | Noticed Crazy Yiuf
  1911 | D:2      | Reached XP level 4. HP: 27/27 MP: 4/7
  2272 | D:2      | Reached skill level 4 in Stealth
  2653 | D:3      | Reached XP level 5. HP: 5/31 MP: 5/9
  3066 | D:3      | Noticed an ogre
  3078 | D:3      | Killed an ogre
  3566 | D:4      | Reached XP level 6. HP: 36/36 MP: 8/10
  3577 | D:4      | Reached skill level 5 in Stealth
  3910 | D:4      | Slain by a gnoll

Illustrated notes

Levels and vault maps discovered:
D:1:      ncdulo_wetmaze, layout_loops_cross, serial_shops, shop, st_stairs_14,
          minivault_19
D:2:      layout_loops_ring, hangedman_abyss_or_decor_lesser_grid,
          uniq_crazy_yiuf_cottage
D:3:      layout_basic, minmay_misc_feat_more_columns, minmay_ogre_servants
D:4:      layout_cave_pods, minmay_temple_entry_crystal_x,
          kennysheep_generic_room_4

Skill      XL: |  1  2  3  4  5  6 |
---------------+-------------------+-----
Stealth        | 3 4 5 |  5.2
Transmutations | 2 3 |  3.1
Spellcasting   | 3 |  3.4
Earth Magic    | 4 |  4.2
Dodging        | |  2.0

Action                   |  1- 3 |  4- 6 || total
-------------------------+-------+-------++-------
Melee: Unarmed           |     6 |       ||     6
       Constrict         |    12 |     9 ||    21
       Tentacles         |     4 |     6 ||    10
       Short sword       |    32 |    38 ||    70
 Cast: Sandblast         |    28 |    46 ||    74
 Stab: Sleeping          |     7 |     5 ||    12
Armor: Skin              |     1 |     3 ||     4
Dodge: Dodged            |    32 |    34 ||    66
